 Dungeon Crawl Stone Soup version 0.28.0-43-g3370ac3207 (webtiles) character file.

Game seed: 6636143026072053374

45 fknight the Chopper (level 3, 0/25 HPs)
             Began as a Gnoll Wanderer on Mar 8, 2022.
             Slain by an adder (4 damage)
             ... on level 2 of the Dungeon.
             The game lasted 00:03:46 (1964 turns).

fknight the Chopper (Gnoll Wanderer)                Turns: 1964, Time: 00:03:47

Health: 0/25       AC:  6    Str: 12    XL:     3   Next: 64%
Magic:  7/7        EV:  9    Int: 14    God:
Gold:   48         SH:  0    Dex:  9    Spells: 6/7 levels left

rFire   . . .      SeeInvis .   a - +2 hand axe
rCold   . . .      Faith    .   (no shield)
rNeg    . . .      Spirit   .   o - +0 scale mail
rPois   .          Reflect  .   (no helmet)
rElec   .          Harm     .   (no cloak)
rCorr   .          Rampage  .   (no gloves)
Will    .....                   (no boots)
Stlth   ..........              (no amulet)
HPRegen 0.08/turn               (no ring)
MPRegen 0.10/turn               (no ring)

@: lethally poisoned (0 -> -2)
A: fangs 1, strong nose, distributed training
a: no special abilities


You were on level 2 of the Dungeon.
You visited 1 branch of the dungeon, and saw 2 of its levels.

You collected 48 gold pieces.

Inventory:

Hand Weapons
 a - a +2 hand axe (weapon)
 d - a +1 short sword of speed
Missiles
 e - 54 stones
Armour
 c - a +0 robe
 n - a +0 ring mail
 o - a +0 scale mail (worn)
Wands
 b - a wand of polymorph (4)
Scrolls
 f - a scroll of blinking {unknown}
 h - a scroll of identify {unknown}
 i - a scroll of teleportation {unknown}
 j - a scroll of noise {unknown}
 m - a scroll of fear {unknown}
 p - 2 scrolls of fog {unknown}
Potions
 g - 2 potions of cancellation {unknown}
 k - a potion of mutation {unknown}
 l - 2 potions of curing {unknown}


   Skills:
 + Level 0.9 Fighting
 + Level 0.9 Short Blades
 + Level 0.9 Long Blades
 + Level 6.5 Axes
 + Level 0.9 Maces & Flails
 + Level 0.9 Polearms
 + Level 0.9 Staves
 + Level 0.9 Slings
 + Level 0.9 Bows
 + Level 0.9 Crossbows
 + Level 0.9 Throwing
 + Level 2.6 Armour
 + Level 2.6 Dodging
 + Level 0.9 Stealth
 + Level 0.9 Shields
 + Level 0.9 Unarmed Combat
 + Level 2.8 Spellcasting
 + Level 0.6 Conjurations
 + Level 5.4 Hexes
 + Level 0.6 Summonings
 + Level 0.6 Necromancy
 + Level 0.6 Translocations
 + Level 0.6 Transmutations
 + Level 0.6 Fire Magic
 + Level 0.6 Ice Magic
 + Level 0.6 Air Magic
 + Level 0.6 Earth Magic
 + Level 0.6 Poison Magic
 + Level 1.0 Invocations
 + Level 2.6 Evocations


You had 6 spell levels left.
You knew the following spells:

 Your Spells              Type           Power      Damage    Failure   Level
a - Slow                  Hex            68%        N/A       12%         1

Your spell library contained the following spells:

 Spells                   Type           Power      Damage    Failure   Level
 Confusing Touch          Hex            17%        N/A       34%         3
 Portal Projectile        Hex/Tloc       20%        N/A       67%         3
 Yara's Violent Unravell  Hex/Tmut       5%         3d4       100%        5
 Enfeeble                 Hex            8%         N/A       100%        7


Dungeon Overview and Level Annotations

Branches:
Dungeon (2/15)

Altars:


Innate Abilities, Weirdness & Mutations

You have very sharp teeth.
Your uncanny sense of smell can sniff out nearby items.
Your experience applies equally to all skills.


Message History

p - 2 scrolls labelled JIJESE XOIKOF (gained 1)
An adder comes into view.
The adder hisses angrily.
The adder bites you.
You miss the adder. The adder bites you.
You hit the adder but do no damage. The adder bites you but does no damage.
You barely miss the adder. The adder bites you. The adder misses you.
You miss the adder. Your bite misses the adder.
The adder bites you but does no damage.
You miss the adder. You bite the adder.
The adder is lightly wounded.
The adder bites you but does no damage.
You barely miss the adder. Your punch misses the adder.
The adder is lightly wounded.
The adder bites you. The adder bites you but does no damage.
You miss the adder. Your bite misses the adder.
The adder is lightly wounded.
The adder bites you.
You are poisoned.
The adder poisons you!
You closely miss the adder.
The adder is lightly wounded.
You feel sick. The adder closely misses you.
You barely miss the adder.
The adder is lightly wounded.
You feel sick. The adder barely misses you. The adder bites you.
You barely miss the adder.
The adder is lightly wounded.
You feel sick. The adder bites you.
* * * LOW HITPOINT WARNING * * *
You are more poisoned.
The adder poisons you!
You barely miss the adder.
The adder is lightly wounded.
* * * LOW HITPOINT WARNING * * *
You feel sick. The adder bites you but does no damage.
You hit the adder. Your bite misses the adder.
The adder is severely wounded.
You feel sick. The adder bites you.
You die...

######## #......# #......#
#......# # #...S..###..
#...@.......
########.......#
#..........###.#
##........#####.#
###.........####..#
#..................
#.##..............#####
###########.....#.....######
#.##.............#


You could see an adder.

Vanquished Creatures
  2 dart slugs (D:1)
  5 bats
  3 endoplasms
  3 giant cockroaches
  7 goblins
  6 hobgoblins
  3 ball pythons (D:1)
  3 kobolds (D:1)
  A rat (D:1)
33 creatures vanquished.

Notes
Turn   | Place    | Note
-------+----------+-------------------------------------------
     0 | D:1      | fknight the Gnoll Wanderer began the quest for the Orb.
     0 | D:1      | fknight set off with the following items: a +2 hand axe, a
                  | wand of polymorph (4), a +0 robe; and the following spell
                  | memorised: Slow; and the following spells available to
                  | memorise: Portal Projectile
     0 | D:1      | Reached XP level 1. HP: 13/13 MP: 4/4
   509 | D:1      | Reached XP level 2. HP: 13/19 MP: 5/5
  1121 | D:1      | Reached XP level 3. HP: 25/25 MP: 7/7
  1775 | D:2      | Reached skill level 1 in Invocations
  1964 | D:2      | Slain by an adder

Illustrated notes

Levels and vault maps discovered:
D:1:      minmay_arrival_split_and_join, layout_loops_corners
D:2:      layout_rooms, pf_guarded_unrand_delatra

Skill      XL: |  1  2  3 |
---------------+----------+-----
Invocations    | 1 |  1.0
Fighting       | |  0.9
Short Blades   | |  0.9
Long Blades    | |  0.9
Axes           | |  6.5
Maces & Flails | |  0.9
Polearms       | |  0.9
Staves         | |  0.9
Slings         | |  0.9
Bows           | |  0.9
Crossbows      | |  0.9
Throwing       | |  0.9
Armour         | |  2.6
Dodging        | |  2.6
Stealth        | |  0.9
Shields        | |  0.9
Unarmed Combat | |  0.9
Spellcasting   | |  2.8
Conjurations   | |  0.6
Hexes          | |  5.4
Summonings     | |  0.6
Necromancy     | |  0.6
Translocations | |  0.6
Transmutations | |  0.6
Fire Magic     | |  0.6
Ice Magic      | |  0.6
Air Magic      | |  0.6
Earth Magic    | |  0.6
Poison Magic   | |  0.6
Evocations     | |  2.6

Action                   || total
-------------------------++-------
Melee: Hand axe          ||   107
       Bite              ||     7
       Punch             ||     2
Armor: Robe              ||    18
       Scale mail        ||    15
       Ring mail         ||     7
Dodge: Dodged            ||    64
